 Dungeon Crawl Stone Soup version 0.32-a0-999-gfa1cc04b1d (webtiles) character file.

Game seed: 7191284697463376146

328 chippings the Magician (level 6, -1/51 HPs)
             Began as a Draconian Wanderer on Apr 25, 2024.
             Was an Initiate of Vehumet.
             Killed from afar by Blork the orc (4 damage)
             ... with a puff of frost
             ... on level 4 of the Dungeon.
             The game lasted 00:08:10 (2747 turns).

chippings the Magician (Draconian Wanderer)         Turns: 2747, Time: 00:08:11

Health: -1/51      AC:  7    Str: 12    XL:     6   Next: 25%
Magic:  0/11       EV: 10    Int: 22    God:    Vehumet [......]
Gold:   216        SH:  0    Dex: 11    Spells: 7/11 levels left

rFire   . . .        a - +2 mace
rCold   . . .        (no shield)
rNeg    . . .        (body armour unavailable)
rPois   +            (helmet restricted)
rElec   .            (no cloak)
rCorr   .            l - +0 pair of gloves
SInv    .            (no boots)
Will    .....        c - amulet of guardian spirit
Stlth   +            q - +6 ring of intelligence
HPRegen 0.28/turn    p - ring of poison resistance
MPRegen 0.12/turn

%: guardian spirit
@: no status effects
A: AC +6, unfitting armour, cold-blooded
a: Renounce Religion


You were on level 4 of the Dungeon.
You worshipped Vehumet.
Vehumet was noncommittal.
You visited 1 branch of the dungeon, and saw 4 of its levels.

You collected 216 gold pieces.

Inventory:

Hand Weapons
 a - a +2 mace (weapon)
Missiles
 b - 6 poisoned darts (quivered)
Armour
 l - a +0 pair of gloves (worn)
Magical Staves
 i - a staff of conjuration
Jewellery
 c - an amulet of guardian spirit (around neck)
 o - a ring of flight
 p - a ring of poison resistance (right hand)
 q - a +6 ring of intelligence (left hand)
Scrolls
 d - a scroll of poison {unknown}
 e - a scroll of revelation {unknown}
 g - a scroll of silence {unknown}
 k - a scroll of identify {unknown}
 m - 2 scrolls of fog
Potions
 f - 2 potions of brilliance {unknown}
 h - a potion of mutation {unknown}
 j - a potion of might {unknown}
 n - a potion of heal wounds {unknown}


   Skills:
 + Level 3.3 Fighting
 - Level 2.0 Maces & Flails
 + Level 1.1 Throwing
 - Level 1.0 Dodging
 + Level 1.1 Stealth
 + Level 3.4 Spellcasting
 + Level 3.3 Hexes
 + Level 2.9 Fire Magic


You had 7 spell levels left.
You knew the following spells:

 Your Spells              Type           Power      Damage    Failure   Level
a - Slow                  Hex            72%        N/A       3%          1
b - Inner Flame           Hex/Fire       17%        N/A       10%         3

Your spell library contained the following spells:

 Spells                   Type           Power      Damage    Failure   Level
 Ensorcelled Hibernation  Hex/Ice        22%        N/A       9%          2
 Hailstorm                Conj/Ice       3%         3d5       34%         3
 Passwall                 Erth           3%         N/A       34%         3
 Summon Ice Beast         Ice/Summ       3%         N/A       34%         3
 Swiftness                Air            3%         N/A       34%         3
 Permafrost Eruption      Ice/Erth       1%         2x4d2     100%        6
 Sculpt Simulacrum        Ice/Alch       1%         N/A       100%        6


Dungeon Overview and Level Annotations

Branches:
Dungeon (4/15)
 Temple: D:4-7

Altars:
Makhleb
Vehumet
Yredelemnul

Shops:
D:1 (

Annotations:
D:4 Blork the orc


Innate Abilities, Weirdness & Mutations

Your plain brown scales are hard. (AC +6)
You cannot fit into any form of body armour.
You are cold-blooded and may be slowed by cold attacks.


Message History

Throw: 9 darts (poison)
Press: ? - help, Q - select action, (/) - cycle Shift-Dir - straight line, f/p - Blork the orc
Aim: Blork the orc, wielding a +0 broad axe and wearing a +0 robe (fast, inner flame, poisoned, 56% to hit)
You throw a poisoned dart. The poisoned dart hits Blork the orc.
Blork the orc looks even sicker.
Blork the orc barely misses you.
Unknown command.
Flame seeps out of Blork the orc.
Blork the orc is engulfed in blazing flames.
Flame seeps out of Blork the orc.
Blork the orc casts a cantrip, but nothing happens.
Flame seeps out of Blork the orc.
Blork the orc is engulfed in blazing flames.
Flame seeps out of Blork the orc.
Blork the orc attacks as he pursues you!
Blork the orc hits you with a +0 broad axe.
Throw: 8 darts (poison)
Press: ? - help, Q - select action, (/) - cycle Shift-Dir - straight line, f/p - Blork the orc
Aim: Blork the orc, wielding a +0 broad axe and wearing a +0 robe (heavily wounded, fast, inner flame, poisoned, 56% to hit)
You throw a poisoned dart.
The poisoned dart barely misses Blork the orc.
Blork the orc misses you.
Blork the orc hits you with a +0 broad axe!
Unknown command.
Throw: 7 darts (poison)
Press: ? - help, Q - select action, (/) - cycle Shift-Dir - straight line, f/p - Blork the orc
Aim: Blork the orc, wielding a +0 broad axe and wearing a +0 robe (heavily wounded, fast, inner flame, poisoned, 56% to hit)
You throw a poisoned dart. The poisoned dart hits Blork the orc.
Blork the orc looks even sicker.
Blork the orc is heavily wounded.
Blork the orc hits you with a +0 broad axe!
* * * LOW HITPOINT WARNING * * *
Unknown command.
Blork the orc attacks as he pursues you!
Blork the orc hits you with a +0 broad axe!
* * * LOW HITPOINT WARNING * * *
Blork the orc points at you and mumbles some strange words.
The puff of frost hits you.
You die...
Blork the orc shouts, "I believe in me!"

#.....###.......#
#...............#
#...............#
#................
#.........>......
#...............#
#...............#
#..........##
#.@o(°.(.((###.
#....(......#..
#...............
#####..#.###.###
#...#...#.#...
#...###.#.#.###.
#.....#.#.#.#...
#..._........._.
#.....#.#.#.#...


You could see Blork the orc (fast, inner flame, very poisoned).

Vanquished Creatures
  Sigmund (D:2)
  Jessica (D:2)
  Robin (D:2)
  3 adders
  3 dart slugs
  4 orcs (D:3)
  8 ball pythons
  3 bats
  12 endoplasms
  7 giant cockroaches
  19 goblins
  9 hobgoblins
  5 jackals (D:2)
  4 quokkas
  2 frilled lizards (D:1)
  4 kobolds
  6 rats
92 creatures vanquished.

Notes
Turn   | Place    | Note
-------+----------+-------------------------------------------
     0 | D:1      | chippings the Draconian Wanderer began the quest for the
                  | Orb.
     0 | D:1      | chippings set off with the following items: a +2 mace, 11
                  | poisoned darts, a +0 dagger, a scroll of blinking; and the
                  | following spell memorised: Slow; and the following spells
                  | available to memorise: Inner Flame.
     0 | D:1      | Reached XP level 1. HP: 16/16 MP: 3/3
   219 | D:1      | Reached XP level 2. HP: 17/23 MP: 5/5
   380 | D:1      | Reached skill level 1 in Fire Magic
   411 | D:1      | Found Ficer's Weapon Shop.
   686 | D:2      | Noticed Jessica
   688 | D:2      | Found a burning altar of Makhleb.
   692 | D:2      | Killed Jessica
   693 | D:2      | Reached XP level 3. HP: 11/29 MP: 6/6
   948 | D:2      | Reached XP level 4. HP: 33/36 MP: 7/7
   981 | D:2      | Learned a level 3 spell: Inner Flame
  1061 | D:2      | Noticed Sigmund
  1068 | D:2      | Killed Sigmund
  1069 | D:2      | Reached XP level 5. HP: 24/45 MP: 2/9
  1110 | D:2      | Noticed Robin
  1127 | D:2      | Killed Robin
  1137 | D:2      | Reached XP level 6. HP: 33/51 MP: 4/10
  1185 | D:2      | Found a faded altar of an unknown god.
  2650 | D:4      | Found a basalt altar of Yredelemnul.
  2658 | D:4      | Found a radiant altar of Vehumet.
  2717 | D:4      | Noticed Blork the orc
  2726 | D:4      | Became a worshipper of Vehumet
  2747 | D:4      | Killed from afar by Blork the orc

Illustrated notes

Levels and vault maps discovered:
D:1:      saegor_arrival_fortress, layout_basic, serial_shops,
          nicolae_shop_bloodbath_and_beyond
D:2:      layout_rooms, basic_ecumenical_altar, basic_altar, minmay_domino_4,
          uniq_robin, uniq_sigmund, uniq_jessica
D:3:      layout_loops_corners, minmay_quadrilaterals
D:4:      layout_basic, mainiacjoe_overflow_large_starburst, uniq_blork_the_orc

Skill      XL: |  1  2  3  4 |
---------------+-------------+-----
Hexes          | 2 3 |  3.3
Fire Magic     | 1 2 |  2.9
Fighting       | 2 3 |  3.3
Spellcasting   | 3 |  3.4
Maces & Flails | |  2.0
Throwing       | |  1.1
Dodging        | |  1.0
Stealth        | |  1.1

Action                     |  1- 3 |  4- 6 || total
---------------------------+-------+-------++-------
  Melee: Mace              |   109 |   117 ||   226
         Tailslap          |    12 |    14 ||    26
         Whip              |       |     4 ||     4
  Throw: Dart              |       |    10 ||    10
   Cast: Inner Flame       |       |     4 ||     4
    Use: Scroll            |     4 |       ||     4
         Potion            |     1 |       ||     1
   Stab: Sleeping          |     4 |     1 ||     5
 Armour: Skin              |    89 |   111 ||   200
  Dodge: Dodged            |    97 |    87 ||   184

Table legend: (Time is in decaauts)
 A = Elapsed time spent in this place.
 B = Non-inter-level travel time spent in this place.
 C = Inter-level travel time spent in this place.
 D = Time resting spent in this place.
 E = Time spent auto-exploring this place.
 F = Levels seen in this place.
 G = Mean time per level.
                   A        B        C        D        E       F      G
               +--------+--------+--------+--------+--------+-----+--------+
         Total |   2826 |   2778 |     48 |    161 |   1518 |   4 |  706.5 |
       Dungeon |   2826 |   2778 |     48 |    161 |   1518 |   4 |  706.5 |
               +--------+--------+--------+--------+--------+-----+--------+

Top non-repeatable levels by time:
     D:1: 815 daAuts
     D:3: 791 daAuts
     D:2: 703 daAuts
     D:4: 516 daAuts
